Dins, lawful male dwarven Archeologist -------- |......| |......| ###--- ----- |......| ##..+ +.... |....... #####..| |.... |......| ####|.----+-----....----+--+----- | --.----- # |...............................| ##### ### |..-+-----+--......--+---+--- | # # |..| ....{| ### ### ...| ....| # # |..----+----- ...| ##### |.............{....| # |.------+--------..| ---- |.-./%[| |((@.-(.| ...| |.| [?=| |(((@|.......| |.| [| |]((.|..|....| |.---------------..----------- | |...............................| --------------------------------- Dins the Digger Experience level: 2 Strength: 14 Dexterity: 11 Constitution: 12 Intelligence: 12 Wisdom: 16 Charisma: 10 Health: 0(20) Energy: 6(6) Def: 1 Gold: 0 Moves: 277 Dungeon seed: PkNUUg1T1gMjTY6_ Game ID: Dins_1528903527 Your Inventory: Weapons a - an uncursed +2 bullwhip (weapon in hand) Armor e - an uncursed +0 leather jacket (being worn) Comestibles b - 3 uncursed food rations Wands d - an uncursed wand of light (0:11) i - an uncursed wand of digging (0:7) Tools f - an uncursed sack g - an uncursed tin opener Gems q - an uncursed touchstone Spells and supernatural/magical abilities: Name Level Category Fail Memory W - pray for help -- divine ? -- Your skills at the end: Miscellaneous Skills wands [Basic] Weapon Skills pick-axe [Basic] boomerang [Basic] whip [Basic] Spellcasting Skills Final Attributes: You were fervently aligned. You had infravision. You were very stealthy. You were fast. You are dead. Vanquished creatures: a large kobold 2 geckos 2 giant rats a brown mold a fox a sewer rat 2 bats 10 creatures vanquished. Voluntary challenges: You went without food. You did not adorn yourself with jewelry or accessories. You did not cause conflict. You were not invisible. You did not have reflection. You were not displaced. You were an atheist. You used a wielded weapon 17 times, starting on turn 27. You did not use containers. You did not apply a unicorn horn. You did not use plumbed fixtures. You did not drink any magical draughts. You were illiterate. You never genocided any monsters. You never polymorphed an object. You never changed form. You used no wishes. You never split a pudding. You never wrote Elbereth's name. You violated your moral code, losing 1 point of alignment, starting on turn 277. Dungeon overview: The Dungeons of Doom: levels 1 to 4 Level 1 a long staircase Level 2 Level 3 Level 4 stairs to The Gnomish Mines The Gnomish Mines: levels 5 to 8 Level 5 stairs to The Dungeons of Doom Level 6 Level 7 Level 8 <- You were here some shops, some fountains History has recorded: On T:1 you entered the Dungeons of Doom to retrieve the Amulet of Yendor! On T:16 you reached level 3 of The Dungeons of Doom. On T:26 you reached level 4 of The Dungeons of Doom. On T:75 you advanced to experience level 2. On T:188 you reached level 1 of The Gnomish Mines. On T:193 you reached level 2 of The Gnomish Mines. On T:197 you reached level 3 of The Gnomish Mines. On T:205 you reached level 4 of The Gnomish Mines. Score breakdown: Gold: 0 ( 0 points) Experience: 2 levels ( 100 points) Exploration: 8 levels ( 210 points) Discoveries: 2 items ( 100 points) Variety of kills: 7 monsters ( 350 points) Major goal: (nothing yet) ( 0 points) Survival: died (score multiplied by 3) Total score: 2280 Latest messages: You drop an uncursed +0 pick-axe. c - an uncursed +0 pick-axe. You don't have that object. Never mind. You drop an uncursed +0 pick-axe. You hear a door open. "Hello, Dins! Welcome again to Izchak's lighting store!" You see here 2 wax candles (54 zorkmids). You are now wielding your bullwhip. 2 wax candles, price 27 zorkmids each. Izchak says: 'You may well need something from this shop in the future.' You hesitate for a moment, bothered by your conscience. Izchak gets angry! The boomerang hits Izchak! You hear the shrill sound of a guard's whistle. Izchak zaps a zinc wand! The wand hits you! You die... Izchak takes all your possessions. Final status: Goodbye Dins the Archeologist, killed by a force bolt... You died in The Gnomish Mines on dungeon level 8 with 2280 points, and 0 pieces of gold, after 277 moves. You were level 2 with a maximum of 20 hit points when you died.